 Dungeon Crawl Stone Soup version 0.29-a0-6-ga859fcf985 (webtiles) character file.

Game seed: 3529129451884850748

52 Lekart the Skirmisher (level 3, 0/33 HPs)
             Began as a Draconian Chaos Knight on Jan 25, 2022.
             Was a Plaything of Xom.
             Slain by Terence (8 damage)
             ... on level 2 of the Dungeon on Jan 27, 2022.
             The game lasted 00:04:53 (1783 turns).

Lekart the Skirmisher (Draconian Chaos Knight)      Turns: 1783, Time: 00:04:53

Health: 0/33       AC:  5    Str: 14    XL:     3   Next: 60%
Magic:  4/4        EV: 12    Int: 12    God:    Xom [....*.]
Gold:   82         SH:  0    Dex: 12    Spells: 4/4 levels left

rFire   + . .      SeeInvis .   a - +0 short sword (chaos)
rCold   . . .      Faith    .   (no shield)
rNeg    . . .      Spirit   .   (armour unavailable)
rPois   .          Reflect  .   (helmet restricted)
rElec   .          Harm     .   (no cloak)
rCorr   +          Rampage  .   (no gloves)
Will    .....                   (no boots)
Stlth   +.........              (no amulet)
HPRegen 0.11/turn               h - ring of protection from fire
MPRegen 0.09/turn               g - ring of resist corrosion

@: no status effects
A: AC +5, unfitting armour, cold-blooded
a: Renounce Religion


You were on level 2 of the Dungeon.
You worshipped Xom.
You were a beloved toy of Xom.
You visited 1 branch of the dungeon, and saw 2 of its levels.

You collected 82 gold pieces.

Inventory:

Hand Weapons
 a - a +0 short sword of chaos (weapon)
Jewellery
 g - a ring of resist corrosion (right hand)
 h - a ring of protection from fire (left hand)
 i - a ring of fire
Potions
 c - a potion of flight
 d - 2 potions of attraction
 e - a potion of curing
 f - a potion of mutation
 j - a potion of brilliance {unknown}


   Skills:
 + Level 4.0 Fighting
 + Level 3.6 Short Blades
 + Level 2.4 Dodging
 * Level 1.0 Spellcasting


You had 4 spell levels left.
You didn't know any spells.
Your spell library was empty.

Dungeon Overview and Level Annotations

Branches:
Dungeon (2/15)

Altars:

Annotations:
D:1 exclusion: downstairs
D:2 Terence


Innate Abilities, Weirdness & Mutations

Your plain brown scales are hard. (AC +5)
You cannot fit into any form of body armour.
You are cold-blooded and may be slowed by cold attacks.


Message History

It is a scroll of identify.
c - a potion of flight
As you read the scroll of identify, it crumbles to dust.
d - 2 potions of attraction
As you read the scroll of identify, it crumbles to dust.
e - a potion of curing
As you read the scroll of identify, it crumbles to dust.
f - a potion of mutation
Okay, then.
Found an escape hatch in the floor.
A hobgoblin comes into view.
The hobgoblin shouts!
You hit the hobgoblin.
You kill the hobgoblin!
Your Fighting skill increases to level 4!
There is an escape hatch in the floor here.
Found a scroll labelled AGIR CIURESE.
b - a scroll labelled AGIR CIURESE Blink to where?
Press: ? - help, Dir - move target
As you read the scroll labelled AGIR CIURESE, it crumbles to dust.
It was a scroll of blinking.
You aren't carrying any scrolls.
The gnoll shouts!
You hear a shout!
A frilled lizard comes into view.
The frilled lizard hisses angrily.
The gnoll closely misses you. The gnoll closely misses you.
The gnoll shouts!
The gnoll hits you from afar with a +0 halberd!
The frilled lizard unfolds its giant frill.
The frilled lizard bites you but does no damage.
The gnoll hits you from afar with a +0 halberd!
You closely miss the frilled lizard. You tail-slap the frilled lizard.
You kill the frilled lizard!
The gnoll hits you from afar with a +0 halberd!
* * * LOW HITPOINT WARNING * * *
Terence hits you with a +0 flail!
You die...
Xom chuckles heartily!

###.. ......................
###....#...#..................
###.... #.#.###..........## ### #
....##.##...###...........###..
...# #..###..#...##...#........
...####.................# .##
...........##...#...#.### ..#
...####..........@###†#########.#
...# #####.....@.gg.............
...# ###.......###########.# ...#
#####..)....## ##.# ####
#..........>.## ####...
#####..........## #......
#........#..###.##...
##...................
#.#####....##..##...
#...######..........


You could see Terence and 2 gnolls.

Vanquished Creatures
  5 endoplasms
  A giant cockroach (D:1)
  3 hobgoblins
  A quokka (D:1)
  2 ball pythons
  3 bats
  2 frilled lizards
  3 goblins
  5 rats
25 creatures vanquished.

Vanquished Creatures (collateral kills)
  Natasha (D:1)
1 creature vanquished.

Grand Total: 26 creatures vanquished

Notes
Turn   | Place    | Note
-------+----------+-------------------------------------------
     0 | D:1      | Lekart the Draconian Chaos Knight began the quest for the
                  | Orb.
     0 | D:1      | Reached XP level 1. HP: 19/19 MP: 1/1
     0 | D:1      | Upgraded the game from 0.28-a0-1632-g283549b12f to
                  | 0.29-a0-6-ga859fcf985
   112 | D:1      | XOM: silly message
   141 | D:1      | XOM: divination: magic mapping
   341 | D:1      | XOM: cloud trail
   498 | D:1      | XOM: 5-stop teleportation journey
   547 | D:1      | Found a faded altar of an unknown god.
   553 | D:1      | Reached XP level 2. HP: 26/26 MP: 2/2
   554 | D:1      | XOM: 3-stop teleportation journey
   833 | D:1      | XOM: noise
  1120 | D:2      | Noticed Natasha
  1124 | D:2      | XOM: smoke on damage
  1312 | D:2      | Noticed a crimson imp
  1349 | D:2      | XOM: scenery: summon butterflies
  1356 | D:2      | XOM: summons friendly shadow imp
  1357 | D:1      | XOM: summons 2 friendly demons
  1363 | D:1      | Killed Natasha
  1364 | D:1      | Reached XP level 3. HP: 12/33 MP: 2/4
  1588 | D:2      | XOM is BORED!
  1666 | D:2      | Noticed Terence
  1673 | D:2      | XOM: 2-stop teleportation journey
  1686 | D:2      | Reached skill level 1 in Spellcasting
  1745 | D:2      | Reached skill level 4 in Fighting
  1783 | D:2      | Slain by Terence

Illustrated notes

Levels and vault maps discovered:
D:1:      minmay_arrival_arboretum_small, layout_loops_ring,
          hellmonk_ecumenical_altar_slurped_away,
          chequers_serial_rivers_small_3, dk_noncrumbling_3
D:2:      layout_rooms, uniq_natasha, uniq_terence

Skill      XL: |  1  2  3 |
---------------+----------+-----
Spellcasting   | 1 |  1.0
Fighting       | 4 |  4.0
Short Blades   | |  3.6
Dodging        | |  2.4

Action                   || total
-------------------------++-------
Melee: Short sword       ||    70
       Tailslap          ||     3
       Punch             ||     1
  Use: Scroll            ||     5
 Stab: Sleeping          ||     1
Armor: Skin              ||    15
Dodge: Dodged            ||    44

Table legend: (Time is in decaauts)
 A = Elapsed time spent in this place.
 B = Non-inter-level travel time spent in this place.
 C = Inter-level travel time spent in this place.
 D = Time resting spent in this place.
 E = Time spent auto-exploring this place.
 F = Levels seen in this place.
 G = Mean time per level.
                   A        B        C        D        E       F      G
               +--------+--------+--------+--------+--------+-----+--------+
         Total |   1787 |   1720 |     67 |    399 |    996 |   2 |  893.5 |
       Dungeon |   1787 |   1720 |     67 |    399 |    996 |   2 |  893.5 |
               +--------+--------+--------+--------+--------+-----+--------+

Top non-repeatable levels by time:
     D:1: 1573 daAuts
     D:2: 213 daAuts
